monkhack, neutral male human Monk ---- ----------- --.>-------- |/.F......| |..).......| |.........| |.`-----.-.| |.........| |..|...|`..| |....<....| |.`.....`.-| |.........| |.......|..| |%...@....| |.----.[--.| |.......a.| |.....[..|.-- |.......f@| |.---.-.....------------d| |...|...-................| |........[---------------- -----..|..| ------- monkhack the Initiate Experience level: 7 Strength: 18 Dexterity: 17 Constitution: 14 Intelligence: 12 Wisdom: 12 Charisma: 10 Health: 0(44) Energy: 39(39) Def: 9 Gold: 1318 Moves: 4381 Dungeon seed: wl3JaaiVv0LpfUrs Game ID: monkhack_1465570765 Your Inventory: Coins $ - 1318 gold pieces Weapons w - 5 poisoned +0 orcish arrows G - a +0 elven dagger Armor e - an uncursed +2 pair of leather gloves (being worn) n - an uncursed +1 robe (being worn) q - an uncursed +0 pair of iron shoes (being worn) z - a cursed -1 elven mithril-coat Y - an uncursed rusty +0 dwarvish iron helm (being worn) Comestibles d - 7 uncursed food rations f - 6 uncursed apples g - 5 uncursed oranges h - 2 uncursed fortune cookies j - an uncursed eucalyptus leaf l - an uncursed tripe ration M - 3 uncursed cram rations Scrolls b - an uncursed scroll of identify c - an uncursed scroll of create monster p - an uncursed scroll of earth s - a blessed scroll of earth Spellbooks W - an uncursed spellbook of healing Potions V - an uncursed potion of see invisible Rings m - a blessed +1 ring of increase damage t - an uncursed +2 ring of gain constitution u - an uncursed ring of cold resistance Wands i - a wand of secret door detection (0:12) Tools a - an uncursed tin whistle k - an uncursed skeleton key X - an uncursed towel Gems r - an uncursed chrysoberyl stone y - an uncursed worthless piece of violet glass Spells and supernatural/magical abilities: Name Level Category Fail Memory z - sleep 1 enchantment 0% 79% W - pray for help -- divine ? -- Your skills at the end: Fighting Skills martial arts [Expert] Weapon Skills Spellcasting Skills healing spells [Basic] Final Attributes: You were piously aligned. You were sleep resistant. You were poison resistant. You saw invisible. You were warned. You were stealthy. You were fast. You are dead. Vanquished creatures: a large mimic 2 small mimics an ettin zombie a chameleon a crocodile a winter wolf cub a panther a vampire bat an owlbear a raven 3 gnome mummies a water moccasin 3 human zombies 4 Mordor orcs 3 Uruk-hai 2 shriekers a kobold mummy a guardian naga hatchling a gray ooze a straw golem a giant ant a little dog a kitten 3 dwarves a homunculus 2 kobold shamans a rabid rat a giant bat a dwarf zombie a werejackal 2 iguanas a hobbit 10 manes 2 large kobolds a cave spider a brown mold a red mold 2 garter snakes a gnome zombie 4 geckos a jackal 4 foxes a kobold 2 goblins 2 sewer rats 3 grid bugs 4 lichens 7 newts 93 creatures vanquished. Voluntary challenges: You followed a strict vegan diet. You never hit with a wielded weapon. You were illiterate. You never genocided any monsters. You never polymorphed an object. You never changed form. You used no wishes. You never split a pudding. You never wrote Elbereth's name. You never violated your personal moral code. Dungeon overview: The Dungeons of Doom: levels 1 to 10 Level 1 a long staircase Level 2 some fountains Level 3 stairs to The Gnomish Mines Level 4 a fountain Level 5 (stash) a general store, an altar to Huan Ti Level 6 a fountain Level 7 an altar to Huan Ti Level 8 a fountain Level 9 many fountains Level 10 stairs to Sokoban The Gnomish Mines: Level 4 stairs to The Dungeons of Doom Sokoban: levels 8 to 9 Level 8 <- You were here Level 9 stairs to The Dungeons of Doom History has recorded: On T:1 you entered the Dungeons of Doom to retrieve the Amulet of Yendor! On T:219 you reached level 2 of The Dungeons of Doom. On T:362 you reached level 3 of The Dungeons of Doom. On T:425 you advanced to experience level 2. On T:652 you advanced to experience level 3. On T:722 you reached level 4 of The Dungeons of Doom. On T:940 you reached level 1 of The Gnomish Mines. On T:1159 you reached level 5 of The Dungeons of Doom. On T:1210 you advanced to experience level 4. On T:1249 you reached level 6 of The Dungeons of Doom. On T:1320 you advanced to experience level 5. On T:1848 you advanced to experience level 6. On T:2087 you reached level 7 of The Dungeons of Doom. On T:2303 you reached level 8 of The Dungeons of Doom. On T:2509 you reached level 9 of The Dungeons of Doom. On T:2997 you advanced to experience level 7. On T:3107 you reached level 10 of The Dungeons of Doom. On T:3179 you reached level 4 of Sokoban. On T:3546 you reached level 3 of Sokoban. Score breakdown: Gold: 1318 (10613 points) Experience: 7 levels (13645 points) Exploration: 10 levels ( 19.61%) (12727 points) Discoveries: 3 items ( 1.07%) ( 3105 points) Valuables value: (no points given unless you survive) Artifact value: 0 ( 0 points) Variety of kills: 48 monsters ( 12.60%) (10648 points) Turncount: 4381 turns (-1159 points) Survival: died (score multiplied by 80%) Total score: 39663 Latest messages: You hit the large cat! The large cat bites! The large cat devours an uncursed fortune cookie. The Green-elf wields a runed spear! You hit the Green-elf. The Green-elf thrusts his runed spear. The Green-elf hits! You feel more confident in your fighting skills. You hit the Green-elf! You are now more skilled in martial arts. You hit the Green-elf! The Green-elf drinks a potion of healing! The Green-elf looks better. The Green-elf staggers from your powerful strike! The giant beetle bites! You hit the giant beetle. You hit the giant beetle! The giant beetle bites! You die... Final status: Goodbye monkhack the Monk, killed by a giant beetle... You died in Sokoban on dungeon level 8 with 39663 points, and 1318 pieces of gold, after 4381 moves. You were level 7 with a maximum of 44 hit points when you died.